 Dungeon Crawl Stone Soup version 0.23.2-33-g5129a83184 (webtiles) character file.

Game seed: 15954394235970731943

158 lepoulpe303 the Grave Robber (level 5, 0/45 HPs)
             Began as a Deep Dwarf Necromancer on June 26, 2019.
             Was an Initiate of Makhleb.
             Killed from afar by an orc wizard (2 damage)
             ... with a magic dart
             ... on level 3 of the Dungeon.
             The game lasted 00:21:14 (3663 turns).

lepoulpe303 the Grave Robber (DDNe)                 Turns: 3663, Time: 00:21:15

Health: 0/45       AC:  5    Str: 11    XL:     5   Next: 16%
Magic:  2/8        EV: 13    Int: 17    God:    Makhleb [......]
Gold:   149        SH:  0    Dex: 13    Spells: 3/8 levels left

rFire    . . .     SeeInvis .   p - +0 short sword (curse)
rCold    . . .     Gourm    .   (no shield)
rNeg     . . .     Faith    .   i - +0 robe
rPois    .         Spirit   .   h - +2 hat
rElec    .         Reflect  .   (no cloak)
rCorr    .         Harm     .   u - +0 pair of gloves
MR       .....                  (no boots)
Stlth    ++........             (no amulet)
HPRegen  0.00/turn              (no ring)
MPRegen  0.11/turn              (no ring)

@: non-regenerating
A: damage resistance, heal wounds, sense surroundings 1, no regeneration
a: Heal Wounds, Renounce Religion


You were on level 3 of the Dungeon.
You worshipped Makhleb.
Makhleb was noncommittal.
You were very hungry.

You visited 1 branch of the dungeon, and saw 3 of its levels.

You collected 149 gold pieces.

Inventory:

Hand Weapons
 a - a +0 dagger
 p - a cursed +0 short sword (weapon)
Missiles
 g - 7 javelins
 r - 14 poisoned needles
 Q - 108 stones (quivered)
Armour
 h - a +2 hat (worn)
 i - a +0 robe (worn)
 k - a +3 ring mail
 u - a +0 pair of gloves (worn)
Jewellery
 j - a +5 ring of evasion {unknown}
Scrolls
 b - 4 scrolls of identify {unknown}
 d - a scroll of noise {unknown}
 f - a scroll of blinking {unknown}
 l - a scroll of fog {unknown}
 m - 2 scrolls of remove curse {unknown}
 n - a scroll of magic mapping {unknown}
 o - a scroll of amnesia {unknown}
 t - a scroll of teleportation {unknown}
Potions
 c - 2 potions of curing {unknown}
 s - a potion of heal wounds {unknown}
Comestibles
 e - a ration
 q - 5 chunks of flesh


   Skills:
 * Level 2.2 Fighting
 + Level 1.0 Short Blades
 + Level 2.9 Dodging
 + Level 3.1 Stealth
 + Level 2.3 Spellcasting
 * Level 5.2 Necromancy


You had 3 spell levels left.
You knew the following spells:

 Your Spells              Type           Power        Failure   Level  Hunger
a - Pain                  Necr           ###.         2%          1    #......
x - Vampiric Draining     Necr           ###.......   6%          3    ###....
A - Animate Skeleton      Necr           N/A          2%          1    #......

Your spell library contained the following spells:

 Spells                   Type           Power        Failure   Level  Hunger
 Animate Dead             Necr           N/A          22%         4    #####..
 Regeneration             Chrm/Necr      Unusable     N/A         3    N/A

Dungeon Overview and Level Annotations

Branches:
Dungeon (3/15)

Altars:
Makhleb
Ru

Annotations:
D:3 2 transporters


Innate Abilities, Weirdness & Mutations

You are resistant to damage.
You can heal yourself by infusing magical energy.
You passively map a small area around you.
You do not regenerate.


Message History

You hear some strange, mumbled words.
A puff of frost appears from out of thin air!
The puff of frost hits you.
* * * LOW HITPOINT WARNING * * *
You take 1 damage, and have 8/45 hp.
You miss something.
Something hits you but does no damage. x2
You miss something. Something hits you.
* * * LOW HITPOINT WARNING * * *
You take 3 damage, and have 5/45 hp.
You closely miss something. Something hits you.
* * * LOW HITPOINT WARNING * * *
Something hits you.
* * * LOW HITPOINT WARNING * * *
You take 3 damage, and have 2/45 hp.
You barely miss something. Something hits you but does no damage.
You barely miss something. Something hits you but does no damage.
Something hits you but does no damage.
A magic dart appears from out of thin air!
The magic dart hits you.
You die...

#.......# #(#
#.###.#(# ###.#####
#.#.# #.%.....#
#.#.#### #.....#.# *
#......# #....##.#
#.###.#..#.###.#.###(#
#..........g......(..%
#####.####K###.......#
#@# #.# ###.#####
#.####.# #.#
#..Kg..#####.####
#######.........##
####.###...[...
##.##.###..##.##
##.#.#.##...##.##
##.###..##........
##)## ##.##....#.##


There were no monsters in sight!

Levels and vault maps discovered:
D:1:      dpeg_arrival_more_subterranean_lakeside_camping, layout_loops_ring
D:2:      layout_basic
D:3:      layout_loops_corners, gammafunk_temple_overflow_arena,
          makhleb_grotto_becter

Notes
Turn   | Place    | Note
-------+----------+-------------------------------------------
     0 | D:1      | lepoulpe303 the Deep Dwarf Necromancer began the quest for
                  | the Orb.
     0 | D:1      | Reached XP level 1. HP: 15/15 MP: 3/3
   120 | D:1      | Identified a +0 dagger
   151 | D:1      | Identified a +0 club
   472 | D:1      | Identified a +0 club
   473 | D:1      | Reached XP level 2. HP: 15/24 MP: 2/4
   476 | D:1      | Learned a level 1 spell: Animate Skeleton
   573 | D:1      | Identified a +0 club
   762 | D:1      | Identified a +2 hat (You found it on level 1 of the
                  | Dungeon)
   828 | D:1      | Identified a +0 dagger (You found it on level 1 of the
                  | Dungeon)
   939 | D:2      | Reached skill level 1 in Fighting
  1234 | D:2      | Identified a +0 club
  1295 | D:2      | Reached skill level 2 in Spellcasting
  1295 | D:2      | Reached XP level 3. HP: 10/31 MP: 0/6
  1316 | D:2      | HP: 6/31 [adder (3)]
  1379 | D:2      | Learned a level 3 spell: Vampiric Draining
  1836 | D:2      | Identified a cursed +0 short sword (You found it on level 2
                  | of the Dungeon)
  1914 | D:3      | Identified a +0 flail of protection
  2034 | D:3      | Identified a cursed -1 dagger
  2034 | D:3      | Identified a +0 ring mail
  2036 | D:3      | Identified a +0 trident
  2063 | D:3      | Identified a +0 whip
  2063 | D:3      | Identified a +0 chain mail
  2204 | D:3      | Reached skill level 3 in Stealth
  2204 | D:3      | Reached XP level 4. HP: 24/39 MP: 0/7
  2320 | D:3      | Identified a +0 dagger
  2359 | D:3      | Identified a +0 club
  2422 | D:3      | Identified a +0 dagger
  2422 | D:3      | Identified a +0 leather armour
  2422 | D:3      | Identified a +0 whip
  2422 | D:3      | Identified a cursed -1 dagger
  2422 | D:3      | Identified a +0 short sword
  2422 | D:3      | Identified a +0 leather armour
  2440 | D:3      | Reached skill level 5 in Necromancy
  2826 | D:3      | Identified a +0 pair of gloves (You found it on level 3 of
                  | the Dungeon)
  2862 | D:3      | Found a burning altar of Makhleb.
  3050 | D:3      | Became a worshipper of Makhleb the Destroyer
  3114 | D:3      | Identified a +0 short sword
  3135 | D:3      | Reached skill level 2 in Fighting
  3367 | D:3      | Identified a +0 flail
  3376 | D:3      | Identified a +0 flail
  3414 | D:3      | Identified a +0 club
  3415 | D:3      | Identified a +0 dire flail
  3415 | D:3      | Identified a +0 giant spiked club
  3415 | D:3      | Noticed a two-headed ogre
  3416 | D:3      | Found a sacrificial altar of Ru.
  3416 | D:3      | Identified a +0 hand axe
  3418 | D:3      | Identified a +0 giant club
  3418 | D:3      | Identified a +0 giant club
  3418 | D:3      | Noticed a two-headed ogre
  3490 | D:3      | Found a transporter.
  3494 | D:3      | Found a transporter.
  3495 | D:3      | Identified a +0 short sword
  3521 | D:3      | Identified a +0 club
  3522 | D:3      | Identified a +0 dagger
  3543 | D:3      | Reached XP level 5. HP: 19/45 MP: 0/8
  3545 | D:3      | Identified a +0 leather armour
  3580 | D:3      | Identified a cursed +0 dagger
  3580 | D:3      | Identified a +0 robe
  3581 | D:3      | Identified a +0 mace
  3581 | D:3      | Identified a cursed +0 ring mail
  3594 | D:3      | Reached skill level 1 in Short Blades
  3648 | D:3      | Identified a +0 short sword
  3652 | D:3      | HP: 9/45 [something/puff of flame (6)]
  3657 | D:3      | HP: 5/45 [something (3)]
  3658 | D:3      | HP: 2/45 [something (2)]
  3663 | D:3      | Killed from afar by an orc wizard

Table legend:
 A = Turns spent in this place as a percentage of turns spent in the entire game.
 B = Non-inter-level travel turns spent in this place as a percentage of non-inter-level travel turns spent in the entire game.
 C = Inter-level travel turns spent in this place as a percentage of turns spent in this place.
 D = Turns resting spent in this place as a percentage of non-inter-level travel turns spent in this place.
 E = Turns spent auto-exploring this place as a percentage of non-inter-level travel turns spent in this place.
 F = Non-inter-level travel turns spent in this place divided by the number of levels of this place that you've seen.
                   A       B       C       D       E      F
               +-------+-------+-------+-------+-------+----------------------
         Total | 100.0 | 100.0 |   2.5 |  27.0 |  37.9 | 1191.0
       Dungeon | 100.0 | 100.0 |   2.5 |  27.0 |  37.9 | 1191.0
               +-------+-------+-------+-------+-------+----------------------

Table legend:
 A = Kills in this place as a percentage of kills in entire the game.
 B = Kills by you in this place as a percentage of kills by you in the entire game.
 C = Kills by friends in this place as a percentage of kills by friends in the entire game.
 D = Other kills in this place as a percentage of other kills in the entire game.
 E = Experience gained in this place as a percentage of experience gained in the entire game.
 F = Experience gained in this place divided by the number of levels of this place that you have seen.
                   A       B       C       D       E      F
               +-------+-------+-------+-------+-------+----------------------
         Total | 100.0 | 100.0 | 100.0 |   N/A | 100.0 |  75.3
       Dungeon | 100.0 | 100.0 | 100.0 |   N/A | 100.0 |  75.3
               +-------+-------+-------+-------+-------+----------------------

Skill      XL: |  1  2  3  4  5 |
---------------+----------------+-----
Fighting       | 1 2 |  2.2
Spellcasting   | 2 |  2.3
Stealth        | 3 |  3.1
Necromancy     | 5 |  5.2
Short Blades   | 1 |  1.0
Dodging        | |  2.9

Action                   |  1- 3 |  4- 6 || total
-------------------------+-------+-------++-------
Melee: Dagger            |    43 |       ||    43
       Short sword       |    11 |    52 ||    63
 Cast: Pain              |    42 |     5 ||    47
       Animate Skeleton  |     7 |    13 ||    20
       Vampiric Draining |    17 |    24 ||    41
 Stab: Sleeping          |     1 |     2 ||     3
       Distracted        |       |     1 ||     1
  Eat: Chunk             |     4 |     6 ||    10
       Ration            |     1 |       ||     1
Armor: Robe              |    13 |    26 ||    39
Dodge: Dodged            |    50 |    76 ||   126

Vanquished Creatures
  5 adders
  3 worms
  2 dart slugs (D:1)
  A leopard gecko (D:2)
  12 orcs (D:3)
  4 ball pythons
  A giant cockroach (D:2)
  5 hobgoblins
  2 jackals (D:3)
  7 kobolds
  2 quokkas (D:3)
  6 bats
  A frilled lizard (D:1)
  2 goblins (D:3)
  A rat (D:2)
54 creatures vanquished.

Vanquished Creatures (collateral kills)
  An orc priest (D:3)
  An adder (D:3)
  A hobgoblin (D:2)
3 creatures vanquished.

Grand Total: 57 creatures vanquished
